 Dungeon Crawl Stone Soup version 0.25-a0-781-gc44aebf4fe (webtiles) character file.

Game seed: 13931252883155078720, levelgen mode: deterministic

5296 Maedhros the Martial Artist (level 10, -15/65 HPs)
             Began as an Octopode Artificer on Apr 16, 2020.
             Was a High Priest of Cheibriados.
             Killed from afar by a molten gargoyle (40 damage)
             ... with a bolt of magma
             ... on level 9 of the Dungeon.
             The game lasted 00:21:10 (5208 turns).

Maedhros the Martial Artist (Octopode Artificer)    Turns: 5208, Time: 00:21:11

Health: -15/65     AC:  4    Str: 23    XL:     10   Next: 63%
Magic:  14/14      EV: 19    Int: 28    God:    Cheibriados [*****.]
Gold:   564        SH:  4    Dex: 31    Spells: 3/9 levels left

rFire    . . .     SeeInvis .     - Unarmed
rCold    . . .     Gourm    .   (no shield)
rNeg     . . .     Faith    .   s - +1 hat
rPois    +         Spirit   .   (no amulet)
rElec    .         Reflect  .   q - +2 ring of intelligence
rCorr    .         Harm     .   w - ring of poison resistance
MR       .....                  B - ring of flight
Stlth    ++++++....             C - +3 ring of dexterity
HPRegen  0.20/turn              (no ring)
MPRegen  0.14/turn              (no ring)
                                (no ring)
                                (no ring)

@: very slow
A: almost no armour, stealthy swim, amphibious, 8 rings, constrict 8, large bone
plates 1, thin metallic scales 1, camouflage 1, gelatinous body 1
a: Bend Time, Temporal Distortion, Slouch, Step From Time, Renounce Religion,
Evoke Flight


You were on level 9 of the Dungeon.
You worshipped Cheibriados.
Cheibriados was extremely pleased with you.
You were hungry.

You visited 1 branch of the dungeon, and saw 10 of its levels.

You collected 564 gold pieces.

Inventory:

Missiles
 n - 23 poisoned darts (quivered)
 z - 4 throwing nets
Armour
 s - a +1 hat (worn)
Magical Staves
 p - an uncursed staff of wizardry
Jewellery
 q - a +2 ring of intelligence (left tentacle)
 u - an uncursed amulet of harm
 w - a ring of poison resistance (right tentacle)
 B - a ring of flight (on tentacle)
 C - a +3 ring of dexterity (on tentacle)
Wands
 c - a wand of enslavement (3)
 k - a wand of flame (12)
 m - a wand of polymorph (22)
Scrolls
 e - 4 scrolls of identify
 g - 2 scrolls of blinking
 h - 4 scrolls of amnesia
 i - 5 scrolls of remove curse
 j - 3 scrolls of immolation
 l - a scroll of teleportation
 o - a scroll of magic mapping
 r - a scroll of enchant armour
 t - a scroll of fog
 y - 2 scrolls of noise {unknown}
 D - a scroll of fear {unknown}
Potions
 b - a potion of curing
 d - a potion of cancellation {unknown}
 v - a potion of magic
 x - a potion of mutation
 A - a potion of might
Comestibles
 f - 20 rations


   Skills:
 + Level 4.9 Fighting
   Level 1.0 Short Blades
 + Level 5.2 Dodging
 - Level 8.0 Stealth
 * Level 10.5 Unarmed Combat
 + Level 5.0 Invocations
 + Level 6.3 Evocations


You had 3 spell levels left.
You knew the following spells:

 Your Spells              Type           Power        Failure   Level  Hunger
a - Static Discharge      Conj/Air       #.......     32%         3    ####...
b - Mephitic Cloud        Conj/Pois/Air  #.......     32%         3    ####...

Your spell library contained the following spells:

 Spells                   Type           Power        Failure   Level  Hunger
 Magic Dart               Conj           #...         11%         1    ##.....
 Shock                    Conj/Air       #...         11%         1    ##.....
 Blink                    Tloc           N/A          17%         2    ###....
 Call Imp                 Summ           #.......     17%         2    ###....
 Slow                     Hex            #.......     17%         2    ###....
 Swiftness                Chrm/Air       #.......     17%         2    ###....
 Conjure Flame            Conj/Fire      #.......     32%         3    ####...
 Airstrike                Air            #.........   73%         4    #####..
 Lightning Bolt           Conj/Air       #.........   97%         5    ######.


Dungeon Overview and Level Annotations

Branches:
Dungeon (10/15)            Temple (0/1) D:5
   Lair: D:8-11         Orc: D:9-12

Altars:
Ashenzari
Cheibriados
Dithmenos
Hepliaklqana
Kikubaaqudgha
Nemelex Xobeh
Sif Muna
Yredelemnul

Annotations:
D:2 1 runed translucent door, Crazy Yiuf
D:9 Joseph


Innate Abilities, Weirdness & Mutations

You cannot wear most types of armour.
You are very stealthy in the water. (Stealth+)
You are amphibious.
You can wear up to eight rings at the same time.
You can use your tentacles to constrict eight enemies at once.
Your skin changes colour to match your surroundings (Stealth+).
Your rubbery body absorbs attacks. (AC +1, EV +1)
You are partially covered in large bone plates. (SH +4)
You are partially covered in thin metallic scales. (AC +2)


Message History

Evoke which item? (* to show all) (? for menu, Esc to quit)
Aiming: Corrosive Bolt
Press: ? - help, Shift-Dir - straight line, f/p - molten gargoyle
Aim: a molten gargoyle, wielding a +2 mace of protection The bolt of acid hits the molten gargoyle!
The molten gargoyle is splashed with acid!
The molten gargoyle is severely damaged.
The now-empty wand crumbles to dust.
The molten gargoyle blasts magma at you!
The bolt of magma hits you! The lava snake spits lava at you.
The glob of lava hits you!!
* * * LOW HITPOINT WARNING * * *
Evoke which item? (* to show all) (? for menu, Esc to quit)
Okay, then.
You feel better.
The molten gargoyle blasts magma at you!
The bolt of magma hits you!!!
Ouch! That really hurt!
You die...

#.....P# #....P.##...≈.
##P..P.####P.....#.#.§§≈
#PPP...P...P.P...#.§§≈§
###..P.P...P.......#.≈≈8
..#...P..PP.......#9≈S§8
.(..P....P..P......#.≈≈≈
..###.P.P.......$)#..§≈≈
### #......#...<)..#.}
#[)[........@.#.#
#..########....#.#
#.).##....#..### #
#.⌠....≈_.#..#
#.....≈...#..#
#.....≈...#.>###.#
#..≈≈≈≈..##......#
#.≈≈≈≈≈..##..#####
#####.≈≈≈≈≈...#..#


You could see a molten gargoyle and a lava snake.

Vanquished Creatures
  A swamp dragon (D:7)
  Pikel (D:8)
  2 molten gargoyles (D:9)
  Maggie (D:9)
  2 hippogriffs
  A human (D:7)
  Eustachio (D:6)
  2 hogs (D:7)
  A sky beast (D:8)
  2 phantoms (D:5)
  2 ice beasts
  An ogre (D:7)
  A centaur (D:5)
  4 bullfrogs
  2 scorpions (D:9)
  2 killer bees (D:9)
  4 wights (D:9)
  3 crimson imps
  3 howler monkeys
  3 hounds
  3 jellies
  2 orc priests
  2 orc wizards
  3 worker ants
  4 iguanas
  3 killer bee zombies
  A worker ant zombie (D:5)
  13 adders
  7 gnolls
  A white imp (D:8)
  3 adder skeletons (D:5)
  2 worms
  7 leopard geckos
  15 orcs
  7 giant cockroaches
  3 goblins
  6 hobgoblins
  16 jackals
  A quokka (D:4)
  6 ball pythons
  7 bats
  4 frilled lizards
  10 kobolds
  A leopard gecko skeleton (D:3)
  7 rats
173 creatures vanquished.

Vanquished Creatures (collateral kills)
  An orc warrior (D:9)
  A hog (D:7)
  A hungry ghost (D:9)
  A centaur (D:9)
  A crocodile (D:9)
  A howler monkey (D:9)
  An orc wizard (D:9)
  2 orcs
9 creatures vanquished.

Vanquished Creatures (others)
  A hog (D:7)
  An orc warrior (D:9)
  A black bear (D:9)
  A porcupine (D:9)
  A jelly (D:9)
  A jackal (D:1)
  4 fungi (D:9)
10 creatures vanquished.

Grand Total: 192 creatures vanquished

Notes
Turn   | Place    | Note
-------+----------+-------------------------------------------
     0 | D:1      | Maedhros the Octopode Artificer began the quest for the
                  | Orb.
     0 | D:1      | Reached XP level 1. HP: 13/13 MP: 3/3
   119 | D:1      | Reached skill level 1 in Unarmed Combat
   138 | D:1      | Reached XP level 2. HP: 15/18 MP: 4/4
   504 | D:2      | Found a shadowy altar of Dithmenos.
   509 | D:2      | Reached skill level 2 in Unarmed Combat
   524 | D:2      | Reached XP level 3. HP: 21/23 MP: 5/5
   870 | D:2      | Reached XP level 4. HP: 28/28 MP: 6/6
   891 | D:2      | Reached skill level 3 in Unarmed Combat
   939 | D:2      | Found a faded altar of an unknown god.
  1027 | D:2      | Became a worshipper of Cheibriados the Contemplative
  1027 | D:2      | Reached * piety under Cheibriados
  1605 | D:2      | Reached XP level 5. HP: 28/33 MP: 7/7
  1645 | D:2      | Found a runed translucent door.
  1646 | D:2      | Noticed Crazy Yiuf
  1813 | D:2      | Found a shattered altar of Ashenzari.
  1850 | D:2      | Reached ** piety under Cheibriados
  2103 | D:3      | Found a hazy altar of Hepliaklqana.
  2160 | D:3      | Reached skill level 4 in Unarmed Combat
  2409 | D:4      | Found a sparkling altar of Nemelex Xobeh.
  2543 | D:5      | Entered Level 5 of the Dungeon
  2589 | D:5      | Noticed a phantom
  2599 | D:5      | Killed a phantom
  2599 | D:5      | Reached *** piety under Cheibriados
  2599 | D:5      | Reached skill level 5 in Stealth
  2599 | D:5      | Reached XP level 6. HP: 36/38 MP: 8/8
  2611 | D:5      | Found a staircase to the Ecumenical Temple.
  2680 | D:5      | Noticed a phantom
  2741 | D:5      | Killed a phantom
  2741 | D:5      | Reached skill level 5 in Unarmed Combat
  2805 | D:5      | Reached XP level 7. HP: 37/43 MP: 9/9
  2931 | D:6      | You fall into a shaft and drop 3 floors!
  2946 | D:9      | Found a shattered altar of Ashenzari.
  2949 | D:9      | Noticed Maggie
  2964 | D:9      | Killed Maggie
  2964 | D:9      | Reached skill level 6 in Unarmed Combat
  3008 | D:9      | Gained mutation: You do not regenerate when monsters are
                  | visible. [potion of mutation]
  3008 | D:9      | Lost mutation: You do not regenerate when monsters are
                  | visible. [potion of mutation]
  3008 | D:9      | Gained mutation: You are partially covered in thin metallic
                  | scales. (AC +2) [potion of mutation]
  3008 | D:9      | Gained mutation: You are partially covered in large bone
                  | plates. (SH +4) [potion of mutation]
  3012 | D:9      | Reached skill level 7 in Unarmed Combat
  3012 | D:9      | Reached XP level 8. HP: 18/48 MP: 10/10
  3032 | D:9      | Found an ancient bone altar of Kikubaaqudgha.
  3061 | D:9      | Noticed a two-headed ogre
  3069 | D:10     | Entered Level 10 of the Dungeon
  3196 | D:9      | Reached **** piety under Cheibriados
  3214 | D:9      | Reached skill level 8 in Unarmed Combat
  3245 | D:9      | Noticed a hippogriff
  3259 | D:9      | Reached skill level 1 in Invocations
  3266 | D:9      | Killed a hippogriff
  3316 | D:9      | Noticed Joseph
  3333 | D:9      | Found a snail-covered altar of Cheibriados.
  3574 | D:9      | Reached XP level 9. HP: 54/54 MP: 12/12
  3939 | D:8      | Learned a level 3 spell: Static Discharge
  4016 | D:8      | Reached skill level 9 in Unarmed Combat
  4029 | D:8      | Noticed Pikel
  4035 | D:8      | Killed Pikel
  4035 | D:8      | Reached skill level 5 in Evocations
  4127 | D:7      | Reached ***** piety under Cheibriados
  4143 | D:7      | Noticed Harold
  4197 | D:6      | Noticed Eustachio
  4202 | D:6      | Killed Eustachio
  4219 | D:6      | Learned a level 3 spell: Mephitic Cloud
  4374 | D:6      | Found a shimmering blue altar of Sif Muna.
  4686 | D:7      | Reached XP level 10. HP: 63/63 MP: 14/14
  4746 | D:7      | Found a basalt altar of Yredelemnul.
  4989 | D:7      | Reached skill level 10 in Unarmed Combat
  5074 | D:7      | Noticed Harold
  5074 | D:7      | Harold changed into Harold the swamp dragon
  5080 | D:7      | Killed Harold the swamp dragon
  5080 | D:7      | Reached skill level 5 in Dodging
  5193 | D:9      | Noticed a molten gargoyle
  5198 | D:9      | Noticed a molten gargoyle
  5199 | D:9      | Killed a molten gargoyle
  5202 | D:9      | Noticed a molten gargoyle
  5206 | D:9      | Killed a molten gargoyle
  5206 | D:9      | Reached skill level 5 in Invocations
  5208 | D:9      | Killed from afar by a molten gargoyle

Levels and vault maps discovered:
D:1:      dpeg_arrival_rooms_b, layout_loops_ring
D:2:      layout_loops_ring, evilmike_ruin_ashenzari, lemuel_crystal_altar,
          chequers_ecumenical_altar_simple_redux, minmay_snake_closets,
          uniq_crazy_yiuf_cottage
D:3:      layout_loops_cross, lemuel_round_altar
D:4:      layout_cave_pools, nemelex_xobeh_ov_fountains_minmay
D:5:      layout_cave_pools, minmay_temple_entry_ruins, first_ration
D:6:      layout_cave_pools, lemuel_blue_sif_altar, gup_sewer_entry_bubbles,
          uniq_eustachio
D:7:      layout_basic, nicolae_overflow_hidden_temple, grunt_livestock,
          uniq_harold
D:8:      minmay_goldmine, layout_basic, minmay_fire_ice_demons, uniq_pikel
D:9:      layout_loops_cross, kiku_gazebo_pond_becter, kennysheep_mini_moat,
          grunt_lair_entry_orc_guard_hut, basic_altar, hex_large, minivault_8,
          uniq_maggie, uniq_joseph
D:10:     layout_roguey, zombieorc2_lemuel, serial_shops,
          nicolae_shop_temple_entry_statues_fountains,
          kennysheep_generic_room_12

Skill      XL: |  1  2  3  4  5  6  7  8  9 10 |
---------------+-------------------------------+-----
Unarmed Combat | 1 2 3 4 5 7 8 9 10 | 10.5
Stealth        | 2 3 5 6 7 8 |  8.0
Invocations    | 2 4 5 |  5.0
Fighting       | 2 3 4 |  4.9
Evocations     | 4 5 6 |  6.3
Dodging        | 4 5 |  5.2
Short Blades   | |  1.0

Action                   |  1- 3 |  4- 6 |  7- 9 | 10-12 || total
-------------------------+-------+-------+-------+-------++-------
Melee: Short sword       |    53 |    57 |       |       ||   110
       Constrict         |    15 |    29 |    46 |    11 ||   101
       Tentacles         |     9 |    27 |    67 |    13 ||   116
       Punch             |       |     6 |    21 |     8 ||    35
       Unarmed           |       |    53 |   163 |    35 ||   251
Evoke: Wand              |     4 |    14 |     9 |    13 ||    40
  Use: Potion            |     1 |       |     7 |     2 ||    10
       Scroll            |       |       |    10 |       ||    10
 Stab: Sleeping          |     5 |    17 |    18 |     2 ||    42
       Distracted        |       |       |     1 |       ||     1
  Eat: Chunk             |       |     3 |     3 |     1 ||     7
Armor: Skin              |     4 |     8 |    13 |     4 ||    29
Dodge: Dodged            |    43 |    77 |    73 |    20 ||   213
Block: Other             |       |       |    19 |     4 ||    23

Table legend:
 A = Non-vault XP
 B = Vault XP
 C = Vault XP percentage of total XP
 D = Non-vault monster count
 E = Vault monster count
 F = Vault count percentage of total count
                 A         B        C        D         E       F
            +---------+---------+-------+---------+---------+-------
      Total |    3577 |    3989 |  52.7 |     156 |      26 |  14.3
            +---------+---------+-------+---------+---------+-------
        D:1 |      35 |       0 |   0.0 |      21 |       0 |   0.0
        D:2 |      84 |      71 |  45.8 |      25 |       8 |  24.2
        D:3 |      47 |       0 |   0.0 |      17 |       0 |   0.0
        D:4 |       8 |       0 |   0.0 |       4 |       0 |   0.0
        D:5 |     489 |       0 |   0.0 |      15 |       0 |   0.0
        D:6 |     287 |     208 |  42.0 |       6 |       5 |  45.5
        D:7 |     830 |    1498 |  64.3 |      15 |       5 |  25.0
        D:8 |     684 |     723 |  51.4 |      17 |       3 |  15.0
        D:9 |    1104 |    1489 |  57.4 |      35 |       5 |  12.5
       D:10 |       9 |       0 |   0.0 |       1 |       0 |   0.0
            +---------+---------+-------+---------+---------+-------
